 Dungeon Crawl Stone Soup version 0.21-a0-414-gba8bdf1 (webtiles) character file.

35 Xenofane the Chiller (level 3, -4/24 HPs)
             Began as a Merfolk Ice Elementalist on Nov 2, 2017.
             Slain by a worker ant (5 damage)
             ... on level 3 of the Dungeon.
             The game lasted 00:03:12 (2285 turns).

Xenofane the Chiller (Merfolk Ice Elementalist)     Turns: 2285, Time: 00:03:13

Health: -4/24      AC:  7    Str: 13    XL:     3   Next: 33%
Magic:  4/6        EV: 13    Int: 15    God:
Gold:   96         SH:  0    Dex: 14    Spells: 0/6 levels left

rFire    . . .     SeeInvis .   c - +0 trident
rCold    . . .     Gourm    .   (no shield)
rNeg     . . .     Faith    .   a - +0 robe
rPois    .         Spirit   .   (no helmet)
rElec    .         Reflect  .   (no cloak)
rCorr    .         Harm     .   (no gloves)
MR       .....                  (no boots)
Stlth    ++........             (no amulet)
HPRegen  0.08/turn              (no ring)
MPRegen  0.10/turn              (no ring)

@: mighty, lethally poisoned (-4 -> -22), icy armour, slow
A: change form in water, swift swim, stealthy swim
a: no special abilities


You were on level 3 of the Dungeon.
You were not hungry.

You visited 1 branch of the dungeon, and saw 3 of its levels.

You collected 96 gold pieces.

Inventory:

Hand Weapons
 c - a +0 trident (weapon)
 g - a +0 short sword
Missiles
 d - 8 needles of sleeping
Armour
 a - a +0 robe (worn)
Jewellery
 e - an uncursed ring of poison resistance {unknown}
Scrolls
 f - a scroll of teleportation {unknown}
 i - a scroll of enchant weapon {unknown}
 k - a scroll of identify {unknown}
 n - a scroll of random uselessness {unknown}
Potions
 l - a potion of might
 o - 2 potions of curing {unknown}
Books
 b - a book of Frost

   Spells                             Type                      Level
   a - Freeze                         Ice                          1
   b - Throw Frost                    Conjuration/Ice              2
   c - Ozocubu's Armour               Charms/Ice                   3
   d - Throw Icicle                   Conjuration/Ice              4
   e - Summon Ice Beast               Ice/Summoning                4
Comestibles
 j - 3 royal jellies
 m - 4 fruits


   Skills:
 - Level 2.6 Dodging
 - Level 2.1 Stealth
 + Level 2.2 Spellcasting
 * Level 0.7 Conjurations
 * Level 4.6 Ice Magic


You couldn't memorise any spells.
You knew the following spells:

 Your Spells              Type           Power        Failure   Level  Hunger
a - Freeze                Ice            ###.         3%          1    #......
b - Throw Frost           Conj/Ice       #.....       11%         2    ###....
c - Ozocubu's Armour      Chrm/Ice       #.......     26%         3    ###....


Dungeon Overview and Level Annotations

Branches:
Dungeon (2/15)

Altars:


Message History

You are poisoned.
The worker ant poisons you! The worker ant bites you.
You are more poisoned.
The worker ant poisons you!
You hit the worker ant.
The worker ant is moderately wounded.
You feel sick. The worker ant bites you.
You are too injured to fight recklessly!
You are too injured to fight recklessly!
It was a potion of might.
You feel very mighty all of a sudden. The worker ant bites you!
* * * LOW HITPOINT WARNING * * *
You are more poisoned.
The worker ant poisons you!
You barely miss the worker ant.
The worker ant is moderately wounded.
* * * LOW HITPOINT WARNING * * *
You feel sick. The worker ant bites you.
You die...

########## #........#
#........# #####
#######........# #....
#..............# #....
#..............# #....
#..............# #....
#...>a@........####....
#..................####
#.......######.....# #
#.......# #.....# #
#.......######.....####
#..................'...
######+#######.....####
#.....# # ............


You could see a worker ant.

Vanquished Creatures
  2 adders
  2 leopard geckos
  3 bats
  3 goblins (D:1)
  A hobgoblin (D:1)
  2 kobolds (D:1)
  A rat (D:1)
  A plant (D:2)
15 creatures vanquished.

Notes
Turn   | Place    | Note
-------+----------+-------------------------------------------
     0 | D:1      | Xenofane the Merfolk Ice Elementalist began the quest for the Orb.
     0 | D:1      | Reached XP level 1. HP: 13/13 MP: 3/3
   660 | D:1      | Reached XP level 2. HP: 19/19 MP: 5/5
   953 | D:2      | Reached skill level 4 in Ice Magic
  1367 | D:2      | You fall through a shaft!
  1517 | D:3      | Learned a level 2 spell: Throw Frost
  1558 | D:3      | Reached XP level 3. HP: 21/24 MP: 3/6
  2259 | D:3      | Learned a level 3 spell: Ozocubu's Armour
  2285 | D:3      | HP: 1/24 [poisoned by a worker ant]
  2285 | D:3      | Slain by a worker ant

Vault maps used:
D:1:      sevenhm_arrival_forest_fort_small_4, kennysheep_pointless_box
D:2:      serial_bayou, serial_bayou_shore_b, serial_bayou_ford_a,
          serial_bayou_lake_a, serial_bayou_crossing
D:3:      minmay_door_path

Skill      XL: |  1  2 |
---------------+-------+-----
Ice Magic      | 4 |  4.6
Dodging        | |  2.6
Stealth        | |  2.1
Spellcasting   | |  2.2
Conjurations   | |  0.7

Action                   || total
-------------------------++-------
Melee: Short sword       ||   101
       Unarmed           ||     6
       Trident           ||    26
       Tailslap          ||     1
 Cast: Freeze            ||     8
       Throw Frost       ||     2
       Ozocubu's Armour  ||     1
  Use: Scroll            ||     1
       Potion            ||     2
 Stab: Sleeping          ||     3
  Eat: Bread ration      ||     1
Armor: Robe              ||     9
Dodge: Dodged            ||    60

Table legend:
 A = Spawn XP
 B = Non-spawn XP
 C = Spawn XP percentage of total XP
 D = Spawn monster count
 E = Non-spawn monster count
 F = Spawn count percentage of total count
 G = Total turns spent on level
                    A         B        C        D         E        F      G
               +---------+---------+-------+---------+---------+-------+---------
         Total |       0 |      50 |   0.0 |       0 |      14 |   0.0 |  2285
               +---------+---------+-------+---------+---------+-------+---------
           D:1 |       0 |      11 |   0.0 |       0 |       7 |   0.0 |   823
           D:2 |       0 |      21 |   0.0 |       0 |       4 |   0.0 |   544
           D:3 |       0 |      18 |   0.0 |       0 |       3 |   0.0 |   918
               +---------+---------+-------+---------+---------+-------+---------
